 Dungeon Crawl Stone Soup version 0.24-a0-463-g3510def36b (webtiles) character file.

Game seed: 13607225095033366577

4 vurker the Caller (level 1, -8/13 HPs)
             Began as a Gnoll Summoner on July 2, 2019.
             Mangled by a gnoll
             ... wielding a +0 spear
              (11 damage)
             ... on level 1 of the Dungeon.
             The game lasted 00:00:14 (126 turns).

vurker the Caller (Gnoll Summoner)                   Turns: 126, Time: 00:00:14

Health: -8/13      AC:  2    Str: 10    XL:     1   Next: 60%
Magic:  4/6        EV: 14    Int: 17    God:
Gold:   0          SH:  0    Dex: 15    Spells: 8/9 levels left

rFire    . . .     SeeInvis .   (no weapon)
rCold    . . .     Gourm    .   (no shield)
rNeg     . . .     Faith    .   a - +0 robe
rPois    .         Spirit   .   (no helmet)
rElec    .         Reflect  .   (no cloak)
rCorr    .         Harm     .   (no gloves)
MR       .....                  (no boots)
Stlth    +++.......             (no amulet)
HPRegen  0.04/turn              (no ring)
MPRegen  0.10/turn              (no ring)

@: no status effects
A: distributed training, fangs 1, strong nose
a: no special abilities


You were on level 1 of the Dungeon.
You were not hungry.

You visited 1 branch of the dungeon, and saw 1 of its levels.

Inventory:

Armour
 a - a +0 robe (worn)
Comestibles
 b - 3 chunks of flesh
 e - a ration {!d}


   Skills:
 + Level 0.0 Fighting
 + Level 0.0 Short Blades
 + Level 0.0 Long Blades
 + Level 0.0 Axes
 + Level 0.0 Maces & Flails
 + Level 0.0 Polearms
 + Level 0.0 Staves
 + Level 0.0 Slings
 + Level 0.0 Bows
 + Level 0.0 Crossbows
 + Level 0.0 Throwing
 + Level 0.0 Armour
 + Level 4.4 Dodging
 + Level 4.0 Stealth
 + Level 0.0 Shields
 + Level 0.0 Unarmed Combat
 + Level 4.8 Spellcasting
 + Level 0.0 Conjurations
 + Level 0.0 Hexes
 + Level 0.0 Charms
 + Level 7.0 Summonings
 + Level 0.0 Necromancy
 + Level 0.0 Translocations
 + Level 0.0 Transmutations
 + Level 0.0 Fire Magic
 + Level 0.0 Ice Magic
 + Level 0.0 Air Magic
 + Level 0.0 Earth Magic
 + Level 0.0 Poison Magic
 + Level 0.1 Invocations
 + Level 0.0 Evocations


You had 8 spell levels left.
You knew the following spells:

 Your Spells              Type           Power        Failure   Level  Hunger
a - Summon Small Mammal   Summ           ####         1%          1    None

Your spell library contained the following spells:

 Spells                   Type           Power        Failure   Level  Hunger
 Call Imp                 Summ           ####....     1%          2    #......
 Call Canine Familiar     Summ           ####....     2%          3    ###....
 Summon Guardian Golem    Hex/Summ       ###.....     10%         3    ###....
 Summon Ice Beast         Ice/Summ       ###.....     32%         4    ####...
 Summon Lightning Spire   Summ/Air       ###.....     32%         4    ####...


Dungeon Overview and Level Annotations

Branches:
Dungeon (1/15)

Altars:


Innate Abilities, Weirdness & Mutations

Your experience applies equally to all skills.
You have very sharp teeth.
Your uncanny sense of smell can sniff out nearby items.


Message History

Found 5 stones.
A leopard gecko comes into view.
A leopard gecko is nearby!
The leopard gecko hisses angrily.
A bat comes into view.
The leopard gecko bites you.
You closely miss the leopard gecko.
The leopard gecko closely misses you. x2
Your rat barely misses the leopard gecko.
You hit the leopard gecko. The leopard gecko misses you.
Your rat bites the leopard gecko.
You hit the leopard gecko.
You kill the leopard gecko!
A frilled lizard comes into view.
The helpless bat fails to defend itself.
You hit the bat.
The frilled lizard hisses angrily.
The bat barely misses you.
You hit the frilled lizard.
You kill the frilled lizard!
The bat hits your rat but does no damage.
Your rat barely misses the bat.
You swap places.
The bat barely misses you.
You hit the bat.
You kill the bat!
No target in view!
No target in view!
Your rat disappears in a puff of smoke!
You butcher the frilled lizard corpse.
b - a chunk of flesh You see here a frilled lizard skeleton. x2
You butcher the bat corpse.
b - 2 chunks of flesh (gained 1)
You see here a bat skeleton. x2
You see here 5 stones.
You butcher the leopard gecko corpse.
b - 3 chunks of flesh (gained 1)
You see here a leopard gecko skeleton. x2
You see here a leopard gecko skeleton.
Found 7 gold pieces.
A gnoll comes into view. It is wielding a +0 spear.
The gnoll shouts!
The gnoll closely misses you. The gnoll barely misses you.
The gnoll hits you with a +0 spear!
Ouch! That really hurt!
* * * LOW HITPOINT WARNING * * *
Your quokka bites the gnoll.
The gnoll hits you from afar with a +0 spear!
Ouch! That really hurt!
You die...

#.#....## ##.
#.##....# #..
##.##...# .$.
#...#...## #.#
###.÷....# ##.####
#.......## ..#..#
##........## #g..#
#.......(..###rr.#
##.......÷###@...#
###.#.....##...##
#####÷.......#
##.....### #######
∆


You could see a gnoll and 2 friendly quokkas.

Vanquished Creatures
  A leopard gecko (D:1)
  A bat (D:1)
  A frilled lizard (D:1)
3 creatures vanquished.

Notes
Turn   | Place    | Note
-------+----------+-------------------------------------------
     0 | D:1      | vurker the Gnoll Summoner began the quest for the Orb.
     0 | D:1      | Reached XP level 1. HP: 13/13 MP: 6/6
   126 | D:1      | Mangled by a gnoll

Levels and vault maps discovered:
D:1:      dpeg_arrival_arbitrary_a, layout_loops_corners

Action                   || total
-------------------------++-------
Melee: Unarmed           ||     6
 Cast: Summon Small Mamm ||     3
 Stab: Sleeping          ||     1
Dodge: Dodged            ||     7

Table legend:
 A = Non-vault XP
 B = Vault XP
 C = Vault XP percentage of total XP
 D = Non-vault monster count
 E = Vault monster count
 F = Vault count percentage of total count
                 A         B        C        D         E       F
            +---------+---------+-------+---------+---------+-------
      Total |       6 |       0 |   0.0 |       3 |       0 |   0.0
            +---------+---------+-------+---------+---------+-------
        D:1 |       6 |       0 |   0.0 |       3 |       0 |   0.0
            +---------+---------+-------+---------+---------+-------
